 Dungeon Sprint DCSS version 0.21.0-24-g2553a33 (webtiles) character file.

20300000 letownia2 the Axe Maniac (level 27, -16/295 (298) HPs)
             Began as a Naga Warper on Jan 21, 2018.
             Was the Champion of Makhleb.
             Killed from afar by a dread (29 damage)
             ... with damnation
             ... in the Dungeon (Sprint VIII: "Arena of Blood").
             The game lasted 00:05:57 (203 turns).

letownia2 the Axe Maniac (Naga Warper)               Turns: 203, Time: 00:05:58

HP:   -16/295 (298) AC: 14    Str: 17    XL:     27
MP:   52/54         EV: 31    Int: 14    God:    Makhleb [******]
Gold: 0             SH:  0    Dex: 20    Spells: 78/80 levels left

rFire    + . .     SeeInvis +   l - +โˆž Axe of Woe
rCold    . . .     Gourm    .   (shield currently unavailable)
rNeg     . . .     Faith    .   b - +0 leather armour
rPois    +         Spirit   .   (no helmet)
rElec    .         Reflect  .   (no cloak)
rCorr    .         Harm     .   (no gloves)
MR       +++..     NoTele   +   (no barding)
Stlth    +++++++++.             (no amulet)
HPRegen  0.59/turn              m - ring of protection from fire
MPRegen  0.34/turn              (no ring)

@: very slow
A: large, see invisible, deformed body, poison resistance, slowness 2, slow
metabolism 1, spit poison 1, constrict 1, AC +9
a: Spit Poison, Minor Destruction, Lesser Servant of Makhleb, Major Destruction,
Greater Servant of Makhleb, Renounce Religion


You were in the Dungeon.
You worshipped Makhleb.
Makhleb was exalted by your worship.
You were not hungry.

You visited 1 branch

Inventory:

Hand Weapons
 a - a +0 hand axe
 l - the +โˆž Axe of Woe (weapon)
   (You found it in the Dungeon)
Missiles
 e - 5 tomahawks of dispersal (quivered)
Armour
 b - a +0 leather armour (worn)
Jewellery
 m - a ring of protection from fire (left hand)
Scrolls
 d - 2 scrolls of blinking
Potions
 g - a potion of curing
 h - a potion of heal wounds
 i - a potion of haste
 j - 2 potions of magic
 k - a potion of berserk rage
Books
 c - a book of Spatial Translocations

   Spells                             Type                      Level
   a - Blink                          Translocation                2
   b - Shroud of Golubria             Charms/Translocation         2
   c - Lesser Beckoning               Translocation                3
   d - Gell's Gravitas                Translocation                3
   e - Teleport Other                 Translocation                3
   f - Passage of Golubria            Translocation                4
Comestibles
 f - a ration


   Skills:
 O Level 27 Fighting
 O Level 27 Axes
 O Level 27 Throwing
 O Level 27 Armour
 O Level 27 Dodging
 O Level 27 Stealth
 O Level 27 Unarmed Combat
 O Level 27 Spellcasting
 O Level 27 Translocations
 O Level 27 Invocations


You had 78 spell levels left.
You knew the following spells:

 Your Spells              Type           Power        Failure   Level  Hunger
b - Blink                 Tloc           N/A          0%          2    None


Dungeon Overview and Level Annotations

Branches:
Dungeon (1/1)

Altars:
Makhleb


Innate Abilities, Weirdness & Mutations

You cannot wear boots.
Your serpentine skin is tough. (AC +9)
You have supernaturally acute eyesight. (SInv)
Armour fits poorly on your strangely shaped body.
Your system is resistant to poisons. (rPois)
You cover ground very slowly.
You have a slow metabolism.
You can spit poison.
You can use your snake-like lower body to constrict enemies.


Message History

The eight-headed meat hydra roars!
A fleshlord comes into view. It is wielding a +9 great mace.
The fleshlord shouts!
You hear an angry hiss.
The vile throws damnation at you.
The sphere of damnation explodes!
The damnation engulfs you!
* * * LOW HITPOINT WARNING * * *
You hear a shout!
The eight-headed meat hydra calls on the powers of darkness!
The eight-headed meat hydra convulses!
The meat berserker convulses!
The observer convulses!
An observer comes into view.
The observer turns its gaze towards you.
The fleshlord convulses!
Your body is wracked with pain!
* * * LOW HITPOINT WARNING * * *
The observer gazes at you. Something smites you!
* * * LOW HITPOINT WARNING * * *
The dread throws damnation at you.
The sphere of damnation explodes!
The damnation engulfs you!
You die...

####### .......####
.Dp.......####
#.##.##.##@.....####
......)).....x%%...####
.##G##)))....%x%......####
.........))W9..........#
.L#D#..%...z#.).........#
W...O....p.##ยง.........#
XoW.........)..)........#
..Xo................#).....#
..D........W........)......#


You could see 2 eight-headed meat hydras, an observer (invisible), 2 fleshlords,
a sculptor of flesh, a wretched soul (invisible), a dread, a vile, a meat
berserker (berserk) and 2 small abominations.

Vanquished Creatures
  A molten gargoyle (D)
  3 hell knights (D)
  Sigmund (D)
  9 hell beasts (D)
  Edmund (D)
  A greater mummy (D)
  11 great orbs of eyes (D)
  7 wraiths (D)
  Harold (D)
  15 vampire knights (D)
  30 ogres (D)
  4 two-headed ogres (D)
  6 liches (D)
  7 hydras (D)
  67 orcs (D)
  14 phantoms (D)
  6 skeletal warriors (D)
  8 sea snakes (D)
  7 large abominations (D)
  7 small abominations (D)
  12 crawling corpses (D)
218 creatures vanquished.

Vanquished Creatures (others)
  An orc (D)
  2 crawling corpses (D)
3 creatures vanquished.

Grand Total: 221 creatures vanquished

Notes
Turn   | Place    | Note
-------+----------+-------------------------------------------
     0 | D        | Found the +โˆž Axe of Woe
     0 | D        | letownia2 the Naga Warper began the quest for the Orb.
     0 | D        | Reached XP level 1. HP: 19/19 MP: 3/3
     3 | D        | Noticed a bag of meat
     4 | D        | Noticed a bag of meat
     4 | D        | Noticed a bag of meat
     4 | D        | Became a worshipper of Makhleb the Destroyer
     5 | D        | Noticed a bag of meat
     5 | D        | Noticed a bag of meat
     6 | D        | Noticed a bag of meat
     7 | D        | Noticed a bag of meat
     7 | D        | Noticed a meat berserker
     7 | D        | Killed a bag of meat
     7 | D        | Reached XP level 2. HP: 46/51 MP: 3/16
     7 | D        | Reached XP level 3. HP: 53/58 MP: 3/18
     7 | D        | Reached XP level 4. HP: 61/67 MP: 3/19
     7 | D        | Reached XP level 5. HP: 68/74 MP: 3/21
     7 | D        | Reached XP level 6. HP: 75/82 MP: 3/22
     7 | D        | Reached XP level 7. HP: 82/90 MP: 3/24
     7 | D        | Reached XP level 8. HP: 90/98 MP: 3/25
     7 | D        | Reached XP level 9. HP: 96/105 MP: 3/26
     7 | D        | Reached XP level 10. HP: 104/114 MP: 3/27
     7 | D        | Reached XP level 11. HP: 111/121 MP: 3/28
     7 | D        | Reached XP level 12. HP: 118/129 MP: 3/29
     7 | D        | Killed a bag of meat
     7 | D        | Reached * piety under Makhleb
     7 | D        | Reached skill level 15 in Spellcasting
     7 | D        | Gained mutation: You can use your snake-like lower body to constrict enemies. [Naga growth]
     7 | D        | Reached XP level 13. HP: 130/142 MP: 3/32
     7 | D        | Noticed a bag of meat
     8 | D        | Noticed a bag of meat
     8 | D        | Killed a bag of meat
     8 | D        | Reached skill level 15 in Dodging
     8 | D        | Reached XP level 14. HP: 156/156 MP: 3/34
     8 | D        | Killed a bag of meat
     8 | D        | Killed a bag of meat
     8 | D        | Reached ** piety under Makhleb
     8 | D        | Reached XP level 15. HP: 169/169 MP: 3/37
     9 | D        | Noticed a meat berserker
     9 | D        | Killed a meat berserker
     9 | D        | Reached XP level 16. HP: 186/186 MP: 3/41
    10 | D        | Noticed a meat berserker
    10 | D        | Killed a meat berserker
    10 | D        | Reached *** piety under Makhleb
    10 | D        | Reached XP level 17. HP: 181/199 MP: 3/43
    13 | D        | Noticed a meat berserker
    13 | D        | Noticed a meat berserker
    14 | D        | Noticed a meat berserker
    15 | D        | Noticed a destroyer
    15 | D        | Killed a meat berserker
    15 | D        | Reached XP level 18. HP: 214/214 MP: 5/46
    17 | D        | Noticed a meat berserker
    17 | D        | Killed a meat berserker
    17 | D        | Reached **** piety under Makhleb
    17 | D        | Reached skill level 27 in Fighting
    17 | D        | Reached skill level 27 in Axes
    17 | D        | Reached skill level 27 in Spellcasting
    17 | D        | Reached XP level 19. HP: 226/226 MP: 6/50
    17 | D        | Reached skill level 27 in Dodging
    17 | D        | Killed a meat berserker
    18 | D        | Noticed a large bag of meat
    19 | D        | Noticed a destroyer
    19 | D        | Killed a meat berserker
    19 | D        | Reached ***** piety under Makhleb
    19 | D        | Reached XP level 20. HP: 236/236 MP: 6/51
    19 | D        | Reached skill level 27 in Armour
    19 | D        | Reached skill level 5 in Stealth
    20 | D        | Killed a meat berserker
    20 | D        | Reached XP level 21. HP: 244/244 MP: 7/52
    20 | D        | Killed a destroyer
    20 | D        | Reached skill level 15 in Throwing
    21 | D        | Noticed a meat berserker
    22 | D        | Killed a large bag of meat
    22 | D        | Reached skill level 27 in Stealth
    22 | D        | Reached XP level 22. HP: 254/254 MP: 7/53
    22 | D        | Reached ****** piety under Makhleb
    25 | D        | Killed a destroyer
    25 | D        | Reached skill level 27 in Unarmed Combat
    25 | D        | Reached skill level 27 in Invocations
    25 | D        | Reached XP level 23. HP: 262/262 MP: 8/54
    25 | D        | Reached skill level 27 in Throwing
    26 | D        | Noticed a destroyer
    26 | D        | Noticed a destroyer
    27 | D        | Reached XP level 24. HP: 272/272 MP: 9/54
    28 | D        | Noticed a destroyer
    29 | D        | Killed a destroyer
    30 | D        | Killed a destroyer
    30 | D        | Reached XP level 25. HP: 280/280 MP: 10/54
    31 | D        | Noticed a destroyer
    31 | D        | Noticed a destroyer
    31 | D        | Noticed a destroyer
    32 | D        | Killed a destroyer
    32 | D        | Reached XP level 26. HP: 188/290 MP: 11/54
    33 | D        | Reached XP level 27. HP: 298/298 MP: 11/54
    34 | D        | Noticed a destroyer
    34 | D        | Killed a destroyer
    34 | D        | Noticed a destroyer
    35 | D        | Noticed The Servant
    35 | D        | Killed a destroyer
    35 | D        | Killed a destroyer
    37 | D        | Noticed a destroyer
    37 | D        | Killed a destroyer
    38 | D        | Noticed a tyrant
    39 | D        | Killed a destroyer
    41 | D        | Noticed an accursed
    41 | D        | Noticed a large bag of meat
    41 | D        | Killed a destroyer
    42 | D        | Killed a tyrant
    47 | D        | Killed a large bag of meat
    49 | D        | Killed The Servant
    51 | D        | Killed an accursed
    62 | D        | Noticed a tyrant
    64 | D        | Noticed a meat beast
    67 | D        | Learned a level 2 spell: Blink
    69 | D        | Reached skill level 27 in Translocations
    70 | D        | Noticed a meat beast
    72 | D        | Noticed a meat beast
    74 | D        | Killed a meat beast
    76 | D        | Killed a tyrant
    78 | D        | Killed a meat beast
    78 | D        | Killed a meat beast
    80 | D        | Noticed a destroyer
    82 | D        | Noticed a dread
    83 | D        | Killed a destroyer
    84 | D        | Noticed a tyrant
    91 | D        | Killed a tyrant
    91 | D        | Killed a dread
    92 | D        | Noticed The Defiler
    93 | D        | Noticed a meat beast
    96 | D        | Noticed a dread
    96 | D        | Killed a meat beast
   100 | D        | Killed a dread
   103 | D        | Noticed a large bag of meat
   103 | D        | Noticed a fleshlord
   103 | D        | Noticed a tyrant
   104 | D        | Noticed The Captor
   105 | D        | Noticed a fleshlord
   106 | D        | Killed a fleshlord
   107 | D        | Noticed a tyrant
   109 | D        | Noticed a fleshlord
   109 | D        | Noticed a destroyer
   110 | D        | Killed a tyrant
   112 | D        | Noticed a tyrant
   113 | D        | Noticed a meat beast
   113 | D        | Killed a large bag of meat
   114 | D        | Noticed a large bag of meat
   114 | D        | Killed a fleshlord
   115 | D        | Noticed a dread
   115 | D        | Killed a fleshlord
   117 | D        | Killed The Captor
   119 | D        | Killed a tyrant
   119 | D        | Killed a meat beast
   120 | D        | HP: 11/295 [??? (8)]
   121 | D        | Killed a destroyer
   121 | D        | Killed The Defiler
   125 | D        | Noticed a meat beast
   126 | D        | Killed a meat beast
   130 | D        | Noticed a meat beast
   131 | D        | Killed a large bag of meat
   134 | D        | Killed a dread
   134 | D        | Killed a meat beast
   139 | D        | Noticed a dread
   140 | D        | Killed a tyrant
   149 | D        | Noticed a destroyer
   152 | D        | Noticed a meat beast
   152 | D        | Noticed a dread
   153 | D        | Killed a destroyer
   154 | D        | Killed a meat beast
   155 | D        | Noticed a destroyer
   156 | D        | Killed a dread
   157 | D        | Killed a destroyer
   160 | D        | Noticed a dread
   163 | D        | Killed a dread
   163 | D        | Killed a dread
   175 | D        | Noticed a meat beast
   175 | D        | Noticed a dread
   176 | D        | Noticed a dread
   178 | D        | Killed a dread
   180 | D        | Killed a meat beast
   186 | D        | Noticed a vile
   188 | D        | Killed a vile
   189 | D        | Noticed a dread
   197 | D        | Noticed a vile
   200 | D        | Noticed a fleshlord
   200 | D        | Noticed a dread
   201 | D        | Noticed a vile
   203 | D        | Noticed a fleshlord
   203 | D        | HP: 13/295 [observer/divine providence (16)]
   203 | D        | Killed from afar by a dread

Skill      XL: |  1  2  3  4  5  6  7  8  9 10 11 12 13 14 15 16 17 18 19 20 21 22 23 24 25 26 27 |
---------------+----------------------------------------------------------------------------------+-----
Fighting       | 14 16 18 20 22 24 26 27 | 27.0
Axes           | 14 16 18 20 22 24 26 27 | 27.0
Dodging        | 12 14 15 17 19 21 22 26 27 | 27.0
Spellcasting   | 13 15 16 18 21 22 24 27 | 27.0
Armour         | 23 27 | 27.0
Throwing       | 12 18 26 27 | 27.0
Stealth        | 19 27 | 27.0
Unarmed Combat | 13 19 27 | 27.0
Invocations    | 14 20 27 | 27.0
Translocations | 27 | 27.0

Action                   |  1- 3 |  4- 6 |  7- 9 | 10-12 | 13-15 | 16-18 | 19-21 | 22-24 | 25-27 || total
-------------------------+-------+-------+-------+-------+-------+-------+-------+-------+-------++-------
Melee: Executioner's axe |     1 |       |       |       |     2 |     4 |     3 |     5 |    98 ||   113
 Cast: Blink             |       |       |       |       |       |       |       |       |     3 ||     3
 Stab: Distracted        |       |       |       |       |       |       |       |       |     2 ||     2
Armor: Leather armour    |       |       |       |       |       |       |       |     1 |     6 ||     7
Dodge: Dodged            |       |       |       |       |       |     1 |     1 |     1 |    23 ||    26
